 Dungeon Crawl Stone Soup version 0.23-a0-169-gb21e695 (webtiles) character file.

14326 Inarius the Cleaver (level 11, -9/86 HPs)
             Began as a Demonspawn Fighter on Sept 11, 2018.
             Was a High Priest of Okawaru.
             Mangled by a very large slime creature (57 damage)
             ... on level 12 of the Dungeon.
             The game lasted 00:27:04 (11203 turns).

Inarius the Cleaver (Demonspawn Fighter)           Turns: 11203, Time: 00:27:05

Health: -9/86      AC: 18    Str: 20    XL:     11   Next: 87%
Magic:  11/11      EV: 10    Int: 10    God:    Okawaru [*****.]
Gold:   712        SH: 11    Dex: 12    Spells: 10/10 levels left

rFire    + + .     SeeInvis .   g - +2 broad axe (elec)
rCold    . . .     Gourm    .   c - +0 shield
rNeg     . . .     Faith    .   v - +2 chain mail {rF+}
rPois    .         Spirit   .   (helmet restricted)
rElec    .         Reflect  .   q - +0 cloak
rCorr    .         Harm     .   k - +0 pair of gloves
MR       +....                  L - +1 pair of boots
Stlth    ..........             F - amulet of regeneration
HPRegen  0.64/turn              r - ring of protection from magic
MPRegen  0.12/turn              M - +1 ring of evasion

@: no status effects
A: horns 1, fire resistance 1, powered by pain 2, flame cloud immunity, sturdy
frame 2
a: Heroism, Finesse, Renounce Religion


You were on level 12 of the Dungeon.
You worshipped Okawaru.
Okawaru was extremely pleased with you.
You were not hungry.

You visited 1 branch of the dungeon, and saw 12 of its levels.
You also visited: Sewer.

You collected 792 gold pieces.
You spent 80 gold pieces at shops.

Inventory:

Hand Weapons
 g - a +2 broad axe of electrocution (weapon)
Missiles
 i - 20 tomahawks (quivered)
 j - 2 throwing nets
 n - 8 steel javelins
 B - 2 javelins
Armour
 c - a +0 shield (worn)
 k - a +0 pair of gloves (worn)
 q - a +0 cloak (worn)
 v - a +2 chain mail of fire resistance (worn)
 K - a +0 plate armour
 L - a +1 pair of boots (worn)
Jewellery
 r - a ring of protection from magic (left hand)
 t - an uncursed ring of ice
 F - an amulet of regeneration (around neck)
 J - an uncursed ring of poison resistance
 M - a +1 ring of evasion (right hand)
Wands
 C - a wand of paralysis (12)
 D - a wand of random effects (26)
 G - a wand of flame (45)
 N - a wand of polymorph (9)
Scrolls
 a - 2 scrolls of immolation {unknown}
 h - 3 scrolls of amnesia {unknown}
 l - 9 scrolls of teleportation
 m - 4 scrolls of magic mapping
 u - 2 scrolls of fear {unknown}
 y - a scroll of enchant armour {unknown}
 A - 2 scrolls of remove curse
 H - a scroll of holy word
 I - 2 scrolls of fog
 O - a scroll of acquirement {unknown}
Potions
 b - 2 potions of agility
 d - 4 potions of might
 e - 5 potions of curing
 o - a potion of berserk rage {unknown}
 p - 4 potions of cancellation
 s - 3 potions of flight
 w - 7 potions of heal wounds
 x - 2 potions of brilliance {unknown}
 z - 3 potions of haste
 E - 2 potions of lignification
Comestibles
 f - 19 rations
 P - 3 chunks of flesh


   Skills:
 + Level 7.8 Fighting
 + Level 11.6 Axes
 + Level 2.4 Throwing
 + Level 8.1 Armour
 + Level 3.5 Dodging
 - Level 0.1 Stealth
 + Level 8.1 Shields
 + Level 0.1 Unarmed Combat
 + Level 1.2 Evocations


You had 10 spell levels left.
You didn't know any spells.
Your spell library contained the following spells:

 Spells                   Type           Power        Failure   Level  Hunger
 Corona                   Hex            #......      95%         1    ##.....
 Magic Dart               Conj           #...         95%         1    ##.....
 Blink                    Tloc           N/A          99%         2    ###....
 Call Imp                 Summ           #.......     99%         2    ###....
 Ensorcelled Hibernation  Hex/Ice        #.....       99%         2    ###....
 Slow                     Hex            #.......     99%         2    ###....
 Confuse                  Hex            #.......     100%        3    ####...
 Conjure Flame            Conj/Fire      #.......     100%        3    ####...
 Dazzling Spray           Conj/Hex       #.....       100%        3    ####...
 Mephitic Cloud           Conj/Pois/Air  #.......     100%        3    ####...
 Tukima's Dance           Hex            #.......     100%        3    ####...
 Irradiate                Conj/Tmut      #.........   100%        5    ######.
 Hydra Form               Tmut           #.........   100%        6    #######
 Statue Form              Tmut/Erth      #........    100%        6    #######
 Dragon Form              Tmut           #.........   100%        7    #######


Dungeon Overview and Level Annotations

Branches:
Dungeon (12/15)            Temple (0/1) D:7            Lair (0/6) D:11
    Orc (0/2) D:9

Altars:
Cheibriados
Elyvilon
Gozag
Hepliaklqana
Kikubaaqudgha
Nemelex Xobeh
Okawaru
Qazlal
Wu Jian
Yredelemnul
Zin

Shops:
D:6 ((   D:8 *

Portals:
Trove: D:10 (give 8 potions of haste)

Annotations:
D:11 Sonja


Innate Abilities, Weirdness & Mutations

You have a pair of small horns on your head.
Your flesh is heat resistant. (rF+)
You sometimes gain power by taking damage.
You are immune to clouds of flame.
Your movements are less encumbered by armour. (ER -4)


Message History

A slime creature suddenly becomes a very large slime creature.
The slime creature quivers.
You block the slime creature's attack.
You slice the slime creature!!
Lightning courses through the slime creature!
The slime creature is severely wounded.
Two slime creatures merge to form a very large slime creature.
You slash the very large slime creature!
Lightning courses through the very large slime creature!
You headbutt the very large slime creature.
The very large slime creature is heavily wounded.
You slash the very large slime creature!
You headbutt the very large slime creature.
The very large slime creature is heavily wounded.
The very large slime creature completely misses you.
You slash the very large slime creature!
The very large slime creature is severely wounded.
The very large slime creature hits you!!!
Ouch! That really hurt!
You die...

#.#...........
#.#....###########
#.###### #.......
#.# #.####.. #.#
##.####.. #J#
#.....#.. #.#
##.....#.. #J#
###⌠.⌠...#..
#@#####.÷._..###..
#.##.....⌠.⌠## #..
#.##.##.....# #..
#.##.##.....# #..
#....##.....# #..
#######.....# #..
#.....# #..
#.....# #..
#.....# ###


You could see a very large slime creature and a slime creature.

Vanquished Creatures
  Harold (D:9)
  A two-headed ogre (D:12)
  Erica (D:11)
  Nergalle (D:10)
  2 unseen horrors
  An ugly thing (D:11)
  4 trolls
  A hippogriff (D:12)
  2 wyverns
  A vampire (D:10)
  9 yaks
  4 hogs (D:8)
  A human (D:8)
  Grum (D:11)
  2 hungry ghosts
  A steam dragon (D:11)
  A basilisk (D:11)
  A water moccasin (D:11)
  10 orc warriors
  2 sky beasts
  2 black bears
  2 eyes of draining (D:11)
  3 ice beasts
  5 centaurs
  6 phantoms
  4 wolves (D:11)
  3 ogres
  A crocodile (D:10)
  A big kobold (D:11)
  5 bullfrogs
  A wyvern skeleton (D:10)
  2 scorpions
  4 howler monkeys
  3 jellies
  An electric eel (D:9)
  7 crimson imps
  2 centaur zombies
  10 orc priests
  8 hounds
  2 bullfrog skeletons
  A centaur skeleton (D:12)
  3 iguanas
  15 orc wizards
  5 worker ants
  A hound zombie (D:9)
  A hound skeleton (D:11)
  Robin (D:2)
  3 gnolls (D:3)
  A worker ant zombie (D:8)
  6 river rats (Sewer)
  11 adders
  3 shadow imps
  An ooze (Sewer)
  4 worms
  3 dart slugs
  7 leopard geckos
  52 orcs
  4 ball pythons
  8 bats
  2 giant cockroaches
  10 goblins
  17 hobgoblins
  9 jackals
  2 quokkas
  9 frilled lizards
  20 kobolds
  A leopard gecko skeleton (D:6)
  A quokka zombie (D:7)
  27 rats
347 creatures vanquished.

Notes
Turn   | Place    | Note
-------+----------+-------------------------------------------
     0 | D:1      | Inarius the Demonspawn Fighter began the quest for the Orb.
     0 | D:1      | Reached XP level 1. HP: 18/18 MP: 1/1
   183 | D:1      | Gained mutation: You have a pair of small horns on your
                  | head. [demonic ancestry]
   183 | D:1      | Reached XP level 2. HP: 16/24 MP: 2/2
   342 | D:1      | Reached skill level 2 in Axes
   520 | D:1      | Gained mutation: Your flesh is heat resistant. (rF+)
                  | [demonic ancestry]
   520 | D:1      | Reached XP level 3. HP: 29/29 MP: 3/3
   681 | D:2      | Noticed Robin
   870 | D:2      | Killed Robin
  1080 | D:2      | Gained mutation: You are immune to clouds of flame.
                  | [demonic ancestry]
  1080 | D:2      | Reached XP level 4. HP: 35/35 MP: 4/4
  1552 | D:3      | Reached skill level 3 in Axes
  1552 | D:3      | Gained mutation: Your movements are slightly less
                  | encumbered by armour. (ER -2) [demonic ancestry]
  1552 | D:3      | Reached XP level 5. HP: 26/41 MP: 5/5
  1918 | D:3      | Found a snail-covered altar of Cheibriados.
  2132 | D:3      | Reached skill level 1 in Dodging
  2132 | D:3      | Reached XP level 6. HP: 26/47 MP: 6/6
  2420 | D:4      | Found a glowing drain.
  2424 | D:4      | Reached skill level 4 in Axes
  2440 | D:4      | Got a spiked leather armour
  2453 | Sewer    | Entered a sewer
  3196 | D:3      | Identified the cursed +1 leather armour "Bekkiyv" {+Blink
                  | rPois Str+7 Int-5} (You found it on level 4 of the Dungeon)
  3492 | D:4      | Reached XP level 7. HP: 44/53 MP: 7/7
  3761 | D:4      | Reached skill level 5 in Axes
  3832 | D:4      | Found a basalt altar of Yredelemnul.
  3982 | D:4      | Found a white marble altar of Elyvilon.
  3989 | D:4      | Found an ancient bone altar of Kikubaaqudgha.
  4394 | D:5      | Entered Level 5 of the Dungeon
  4534 | D:4      | Reached skill level 1 in Throwing
  4622 | D:5      | Found a stormy altar of Qazlal.
  4626 | D:5      | Found a hazy altar of Hepliaklqana.
  4628 | D:5      | Found an iron altar of Okawaru.
  4628 | D:5      | Found a glowing silver altar of Zin.
  4653 | D:5      | Became a worshipper of Warmaster Okawaru
  4694 | D:5      | Reached XP level 8. HP: 51/60 MP: 8/8
  4775 | D:5      | Reached skill level 6 in Axes
  4805 | D:5      | Reached * piety under Okawaru
  4880 | D:5      | Reached skill level 5 in Shields
  5152 | D:6      | Found Juow's Weapon Shoppe.
  5272 | D:6      | Reached skill level 7 in Axes
  5457 | D:6      | Got a transparent scale mail
  5468 | D:6      | Identified the +0 scale mail of the Unbroken {Int+7} (You
                  | found it on level 6 of the Dungeon)
  5514 | D:6      | Reached skill level 5 in Armour
  5765 | D:6      | Found Aviloew's Antique Weapon Boutique.
  6099 | D:6      | Reached ** piety under Okawaru
  6099 | D:6      | Gained mutation: You sometimes gain a little power by
                  | taking damage. [demonic ancestry]
  6099 | D:6      | Reached XP level 9. HP: 62/67 MP: 9/9
  6414 | D:7      | Found a staircase to the Ecumenical Temple.
  6543 | D:7      | Found an ornate altar of the Wu Jian Council.
  6937 | D:8      | Reached skill level 5 in Fighting
  6987 | D:8      | Found an opulent altar of Gozag.
  7236 | D:8      | Found Paulif's General Store.
  7239 | D:8      | Bought a potion of heal wounds for 80 gold pieces
  7260 | D:8      | Reached skill level 8 in Axes
  7276 | D:8      | Reached *** piety under Okawaru
  7557 | D:8      | Reached **** piety under Okawaru
  7560 | D:8      | Gained mutation: You sometimes gain power by taking damage.
                  | [demonic ancestry]
  7560 | D:8      | Reached XP level 10. HP: 21/76 MP: 10/10
  7776 | D:9      | Reached skill level 9 in Axes
  7804 | D:9      | Noticed Harold
  7820 | D:9      | Killed Harold
  7967 | D:9      | Found a staircase to the Orcish Mines.
  8211 | D:9      | Reached ***** piety under Okawaru
  8613 | D:10     | Entered Level 10 of the Dungeon
  8774 | D:10     | Reached skill level 10 in Axes
  9197 | D:10     | Noticed Nergalle
  9233 | D:10     | Killed Nergalle
  9233 | D:10     | Received a gift from Okawaru
  9233 | D:10     | Reached skill level 1 in Evocations
  9233 | D:10     | Gained mutation: Your movements are less encumbered by
                  | armour. (ER -4) [demonic ancestry]
  9233 | D:10     | Reached XP level 11. HP: 44/84 MP: 11/11
  9377 | D:10     | Killed an unseen horror
  9513 | D:10     | Found a portal to a secret trove of treasure.
  9730 | D:11     | Found a staircase to the Lair.
  9755 | D:11     | Noticed Erica
  9775 | D:11     | Killed Erica
 10054 | D:11     | Noticed Grum
 10062 | D:11     | Killed Grum
 10126 | D:11     | Noticed a red ugly thing
 10141 | D:11     | Killed a brown ugly thing
 10141 | D:11     | Reached skill level 11 in Axes
 10284 | D:11     | Noticed Sonja
 10464 | D:11     | Killed an unseen horror
 10710 | D:11     | Received a gift from Okawaru
 10937 | D:12     | Noticed a two-headed ogre
 10943 | D:12     | Killed a two-headed ogre
 11074 | D:12     | Received a gift from Okawaru
 11135 | D:12     | Found a sparkling altar of Nemelex Xobeh.
 11203 | D:12     | Mangled by a very large slime creature

Vault maps used:
D:1:      lemuel_arrival_tunnels, minmay_quantized
D:2:      uniq_robin
D:3:      marbit_many_paths
D:4:      minmay_overflow_temple_star_quad, portal_sewer_entry_b, first_ration,
          hangedman_decor_points
D:5:      grunt_temple_overflow_open
D:6:      serial_shops, shop, shop
D:7:      kennysheep_little_box, temple_fountains
D:8:      basic_altar, serial_shops, kennysheep_mini, grunt_livestock,
          minmay_misc_feat_columns
D:9:      statuecave_lemuel, david_orc_4, uniq_harold
D:10:     trove_entry_hex_spiral, uniq_nergalle
D:11:     kennysheep_windowed_halls, lair_entry_dummy, uniq_grum, uniq_erica,
          uniq_sonja
D:12:     nemelex_xobeh_ov_fountains_minmay
Sewer:    sewer_minmay_treatment

Skill      XL: |  1  2  3  4  5  6  7  8  9 10 11 |
---------------+----------------------------------+-----
Armour         | 3 4 5 6 7 8 |  8.1
Axes           | 2 3 4 5 7 8 10 11 | 11.6
Shields        | 3 4 5 6 7 8 |  8.1
Dodging        | 1 2 3 |  3.5
Fighting       | 4 5 7 |  7.8
Throwing       | 1 2 |  2.4
Evocations     | 1 |  1.2
Stealth        | |  0.1
Unarmed Combat | |  0.1

Action                   |  1- 3 |  4- 6 |  7- 9 | 10-12 || total
-------------------------+-------+-------+-------+-------++-------
Melee: War axe           |   100 |   212 |   334 |   254 ||   900
       Headbutt          |    13 |    42 |    57 |    88 ||   200
       Broad axe         |       |       |       |   217 ||   217
       Unarmed           |       |       |       |     3 ||     3
Throw: Tomahawk          |     3 |     3 |    41 |     7 ||    54
       Javelin           |     2 |     4 |     2 |       ||     8
Evoke: Wand              |       |       |     6 |    10 ||    16
  Use: Scroll            |       |     4 |    12 |     4 ||    20
       Potion            |       |       |       |     7 ||     7
 Stab: Paralysed         |       |       |       |     5 ||     5
  Eat: Chunk             |     1 |     8 |    16 |    11 ||    36
       Ration            |       |       |       |     1 ||     1
Armor: Scale mail        |     8 |       |       |       ||     8
       Chain mail        |    72 |   129 |   144 |   273 ||   618
       Leather armour    |       |     6 |     8 |       ||    14
Dodge: Dodged            |    22 |    57 |   123 |   141 ||   343
Block: Shield            |    65 |   104 |   191 |   289 ||   649

Table legend:
 A = Non-vault XP
 B = Vault XP
 C = Vault XP percentage of total XP
 D = Non-vault monster count
 E = Vault monster count
 F = Vault count percentage of total count
                 A         B        C        D         E       F
            +---------+---------+-------+---------+---------+-------
      Total |   12361 |    8106 |  39.6 |     230 |     117 |  33.7
            +---------+---------+-------+---------+---------+-------
        D:1 |      39 |      11 |  22.0 |      22 |       7 |  24.1
        D:2 |      31 |      27 |  46.6 |      11 |       8 |  42.1
        D:3 |     279 |       2 |   0.7 |      33 |       1 |   2.9
        D:4 |     572 |       5 |   0.9 |      23 |       4 |  14.8
        D:5 |     930 |       0 |   0.0 |      14 |       0 |   0.0
        D:6 |     829 |       0 |   0.0 |      15 |       0 |   0.0
        D:7 |     220 |       0 |   0.0 |       7 |       0 |   0.0
        D:8 |    1374 |    1006 |  42.3 |      14 |       5 |  26.3
        D:9 |    1676 |    1593 |  48.7 |      31 |      17 |  35.4
       D:10 |    3103 |     808 |  20.7 |      27 |       1 |   3.6
       D:11 |    1634 |    4468 |  73.2 |      21 |      26 |  55.3
       D:12 |    1674 |       0 |   0.0 |      12 |       0 |   0.0
      Sewer |       0 |     186 | 100.0 |       0 |      48 | 100.0
            +---------+---------+-------+---------+---------+-------
